 Dungeon Crawl Stone Soup version 0.29-a0-653-gd47aff6735 (webtiles) character file.

Game seed: 15382947257230563712

18 Newt the Vexing (level 2, 0/21 HPs)
             Began as a Barachi Arcane Marksman on June 21, 2022.
             Slain by a worm (8 damage)
             ... on level 2 of the Dungeon.
             The game lasted 00:05:11 (474 turns).

Newt the Vexing (Barachi Arcane Marksman)            Turns: 474, Time: 00:05:12

Health: 0/21       AC:  2    Str: 11    XL:     2   Next: 70%
Magic:  2/3        EV: 12    Int: 13    God:
Gold:   54         SH:  0    Dex: 12    Spells: 2/3 levels left

rFire   . . .      SeeInvis .   a - +0 shortbow
rCold   . . .      Faith    .   (shield currently unavailable)
rNeg    . . .      Spirit   .   b - +0 robe
rPois   .          Reflect  .   (no helmet)
rElec   .          Harm     .   (no cloak)
rCorr   .          Rampage  .   (no gloves)
Will    .....                   (no boots)
Stlth   +.........              (no amulet)
HPRegen 0.07/turn               (no ring)
MPRegen 0.08/turn               (no ring)

@: lethally poisoned (0 -> -2), unable to hop, slow
A: amphibious, slowness 1, strong legs 1, +LOS
a: Hop


You were on level 2 of the Dungeon.
You visited 1 branch of the dungeon, and saw 2 of its levels.

You collected 54 gold pieces.

Inventory:

Hand Weapons
 a - a +0 shortbow (weapon)
Armour
 b - a +0 robe (worn)
Magical Staves
 j - a staff of cold
Scrolls
 c - a scroll of vulnerability
 d - a scroll of immolation {unknown}
 e - a scroll of amnesia {unknown}
 i - a scroll of poison {unknown}
Potions
 g - a potion of brilliance {unknown}
 h - a potion of ambrosia {unknown}


   Skills:
 + Level 1.2 Fighting
 * Level 2.6 Bows
 + Level 2.2 Dodging
 + Level 1.1 Spellcasting
 + Level 3.8 Hexes


You had 2 spell levels left.
You knew the following spells:

 Your Spells              Type           Power      Damage    Failure   Level
a - Slow                  Hex            40%        N/A       6%          1

Your spell library contained the following spells:

 Spells                   Type           Power      Damage    Failure   Level
 Inner Flame              Hex/Fire       5%         N/A       36%         3
 Portal Projectile        Hex/Tloc       10%        N/A       36%         3
 Cause Fear               Hex            5%         N/A       52%         4
 Ignite Poison            Fire/Tmut/Pois 0%         N/A       63%         3
 Mephitic Cloud           Conj/Pois/Air  0%         N/A       63%         3
 Freezing Cloud           Conj/Ice/Air   0%         6-21      100%        5
 Iskenderun's Battlesphe  Conj           0%         2d6       100%        5
 Iron Shot                Conj/Erth      0%         9d1       100%        6
 Spellforged Servitor     Conj/Summ      0%         N/A       100%        7


Dungeon Overview and Level Annotations

Branches:
Dungeon (2/15)

Altars:


Innate Abilities, Weirdness & Mutations

You are amphibious.
You cover ground slowly.
You can hop short distances.
You have an extended range of vision and can be seen from far away.


Message History

Press: ? - help, Shift-Dir - straight line, f/p - adder
Aim: an adder (almost dead, slow, 38% to hit)
You shoot an arrow. The arrow closely misses the adder.
The adder bites you but does no damage. The adder barely misses you.
Shoot: a) +0 shortbow
Press: ? - help, Shift-Dir - straight line, f/p - adder
Aim: an adder (almost dead, slow, 38% to hit)
You shoot an arrow. The arrow closely misses the adder.
The adder bites you.
Shoot: a) +0 shortbow
Press: ? - help, Shift-Dir - straight line, f/p - adder
Aim: an adder (almost dead, slow, 38% to hit)
You shoot an arrow. The arrow barely misses the adder.
The adder barely misses you.
Shoot: a) +0 shortbow
Press: ? - help, Shift-Dir - straight line, f/p - adder
Aim: an adder (almost dead, slow, 38% to hit)
You shoot an arrow. The arrow misses the adder.
The adder bites you.
* * * LOW HITPOINT WARNING * * *
Shoot: a) +0 shortbow
Press: ? - help, Shift-Dir - straight line, f/p - adder
Aim: an adder (almost dead, slow, 38% to hit)
You shoot an arrow. The arrow closely misses the adder.
The adder closely misses you.
Okay, then.
It was a potion of curing.
You feel better. The adder bites you.
You are poisoned.
The adder poisons you! The worm misses you.
Shoot: a) +0 shortbow
Press: ? - help, Shift-Dir - straight line, f/p - adder
Aim: an adder (almost dead, slow, 38% to hit)
You shoot an arrow. The arrow misses the adder.
You feel sick. The adder barely misses you.
Shoot: a) +0 shortbow
Press: ? - help, Shift-Dir - straight line, f/p - adder
Aim: an adder (almost dead, slow, 38% to hit)
You shoot an arrow. The arrow closely misses the adder.
You feel sick. The worm bites you!
You die...

## .. #. ##### #. ####
####.... #.####......
#......# #..@S.......
#......# #.w###......
#......# #...# ....
#......######..# ##
#..............#
#......######..#########
#......# #<.............
#......#######.#########
...
#............#.......$.
...


You could see a worm and an adder (slow).

Vanquished Creatures
  2 endoplasms
  2 giant cockroaches
  4 hobgoblins
  3 ball pythons
  2 frilled lizards
  A kobold (D:1)
  3 rats
17 creatures vanquished.

Notes
Turn   | Place    | Note
-------+----------+-------------------------------------------
     0 | D:1      | Newt the Barachi Arcane Marksman began the quest for the
                  | Orb.
     0 | D:1      | Reached XP level 1. HP: 15/15 MP: 2/2
   114 | D:1      | Reached XP level 2. HP: 21/21 MP: 3/3
   474 | D:2      | Slain by a worm

Illustrated notes

Levels and vault maps discovered:
D:1:      scummos_arrival_checkerplants, layout_basic, minmay_domino_4
D:2:      minmay_skewed_foursquare, layout_basic

Action                   || total
-------------------------++-------
Melee: Shortbow          ||     1
 Fire: Shortbow          ||    56
 Cast: Slow              ||     2
 Abil: Hop               ||     1
  Use: Potion            ||     1
Armor: Robe              ||     2
Dodge: Dodged            ||    24

Table legend: (Time is in decaauts)
 A = Elapsed time spent in this place.
 B = Non-inter-level travel time spent in this place.
 C = Inter-level travel time spent in this place.
 D = Time resting spent in this place.
 E = Time spent auto-exploring this place.
 F = Levels seen in this place.
 G = Mean time per level.
                   A        B        C        D        E       F      G
               +--------+--------+--------+--------+--------+-----+--------+
         Total |    572 |    572 |      0 |      0 |      0 |   2 |  286.0 |
       Dungeon |    572 |    572 |      0 |      0 |      0 |   2 |  286.0 |
               +--------+--------+--------+--------+--------+-----+--------+

Top non-repeatable levels by time:
     D:1: 295 daAuts
     D:2: 277 daAuts
